 Dungeon Crawl Stone Soup version 0.27-a0-1202-ge72e49191c (webtiles) character file.

Game seed: 9599241342816701755

499 27snakeeyes612 the Poker (level 7, -1/99 HPs)
             Began as a Naga Berserker on June 2, 2021.
             Was a Believer of Trog.
             Splashed by a jelly's acid (7 damage)
             ... on level 4 of the Dungeon.
             The game lasted 00:03:43 (3746 turns).

27snakeeyes612 the Poker (Naga Berserker)           Turns: 3746, Time: 00:03:45

Health: -1/99      AC: -5    Str: 22    XL:     7   Next: 16%
Magic:  7/7        EV:  7    Int:  7    God:    Trog [**....]
Gold:   578        SH:  0    Dex: 10    Spells: 6/6 levels left

rFire    . . .     SeeInvis +   a - +0 spear
rCold    . . .     Faith    .   (no shield)
rNeg     . . .     Spirit   .   c - +0 swamp dragon scales
rPois    +         Reflect  .   e - +0 helmet
rElec    +         Harm     .   (no cloak)
rCorr    .         Rampage  .   (no gloves)
Will     .....                  f - +6 lightning scales {swift rElec}
Stlth    ..........             (no amulet)
HPRegen  0.26/turn              (no ring)
MPRegen  0.10/turn              (no ring)

@: berserking, corroded, quick
A: AC +2, large, see invisible, deformed body, poison resistance, slowness 2,
spit poison 1, naga tail 1
a: Spit Poison, Renounce Religion, Berserk, Trog's Hand


You were on level 4 of the Dungeon.
You worshipped Trog.
Trog was pleased with you.
You visited 1 branch of the dungeon, and saw 4 of its levels.

You collected 1382 gold pieces.
You spent 804 gold pieces at shops.

Inventory:

Hand Weapons
 a - a +0 spear (weapon)
 h - a +0 halberd
Missiles
 l - 40 poisoned darts
 o - 5 curare-tipped darts
 p - a throwing net
Armour
 b - a +0 animal skin
 c - +0 swamp dragon scales (worn)
 e - a +0 helmet (worn)
 f - the +6 lightning scales (worn) {swift rElec}
   (You bought it in a shop on level 3 of the Dungeon)

   It insulates you from electricity.
Scrolls
 d - a scroll of magic mapping
 j - a scroll of fog {unknown}
 k - 2 scrolls of identify {unknown}
 n - a scroll of enchant armour {unknown}
Potions
 g - a potion of flight {unknown}
 i - a potion of attraction {unknown}
 m - a potion of curing {unknown}
 q - a potion of heal wounds {unknown}


   Skills:
 + Level 4.4 Fighting
 + Level 5.3 Polearms
 + Level 3.3 Armour
 + Level 2.7 Dodging
 + Level 2.1 Stealth


You had 6 spell levels left.
You didn't know any spells.
Your spell library was empty.

Dungeon Overview and Level Annotations

Branches:
Dungeon (4/15)
 Temple: D:4-7

Altars:
Fedhas
Sif Muna

Shops:
D:3 [


Innate Abilities, Weirdness & Mutations

Your serpentine skin is tough. (AC +2)
You have supernaturally acute eyesight. (SInv)
Armour fits poorly on your strangely shaped body.
Your system is resistant to poisons. (rPois)
You cover ground very slowly.
You can spit poison.
You have a snake-like lower body.


Message History

You are too injured to fight recklessly!
You are too injured to fight recklessly!
You are too injured to fight recklessly!
You are too injured to fight recklessly!
You are too injured to fight recklessly!
You are too injured to fight recklessly!
You are too injured to fight recklessly!
You hit the jelly but do no damage. The acid corrodes you!
Your hands burn!
The jelly is almost dead.
The jelly closely misses you.
You hit the jelly but do no damage. The acid corrodes you!
Your hands burn!
* * * LOW HITPOINT WARNING * * *
The jelly is almost dead.
The jelly closely misses you.
You hit the jelly. The acid corrodes you!
Your hands burn!
* * * LOW HITPOINT WARNING * * *
The jelly is almost dead.
The jelly closely misses you.
A red film seems to cover your vision as you go berserk!
You feel yourself moving faster!
You feel mighty! The jelly hits you.
* * * LOW HITPOINT WARNING * * *
You are splashed with acid!
* * * LOW HITPOINT WARNING * * *
You hit the jelly but do no damage.
Your hands burn!
* * * LOW HITPOINT WARNING * * *
The jelly is almost dead.
The jelly hits you.
* * * LOW HITPOINT WARNING * * *
The acid corrodes you!
You are splashed with acid!
* * * LOW HITPOINT WARNING * * *
You are too berserk!
You barely miss the jelly.
The jelly is almost dead.
You hit the jelly but do no damage.
Your hands burn!
* * * LOW HITPOINT WARNING * * *
The jelly is almost dead.
The jelly hits you.
* * * LOW HITPOINT WARNING * * *
The acid corrodes you!
You are splashed with acid!
You die...

..#,,,,,,,,,*,,,,#...####...##..#
..#,*****,,,*,###########...#####
.##**,,,**,,*##...##........#....
####,,...#####.....#........#.<..
.'.#,,......)......#####'####....
.###,,...##'##.....#.............
.####,,,*#.,,##...##.........####
.##.##,*#.,,,,##J##..........####
.##..#,#.,,,,,,#@#...........#...
.....#,#,,,,,,,#.#####.......#.##
(....#,*,,,,,,,#.#...##'######.#.
....##.**,,,,,##.##.........+#.#.
.####...**,,,##...#####..........
.# *.....#####.....#,*#.....#...#
## *...............#........#...#
*,....##'##.....#........#....
**.,,*#...##...##.######+#....


You could see a jelly.

Vanquished Creatures
  A necrophage (D:4)
  A scorpion (D:4)
  A hound (D:4)
  An orc priest (D:4)
  An iguana (D:4)
  An orc wizard (D:2)
  7 gnolls
  7 adders
  2 dart slugs
  7 orcs
  8 ball pythons
  5 endoplasms
  10 giant cockroaches
  10 goblins
  9 hobgoblins
  11 jackals
  2 quokkas
  8 bats
  A frilled lizard (D:1)
  4 kobolds
  4 rats
101 creatures vanquished.

Notes
Turn   | Place    | Note
-------+----------+-------------------------------------------
     0 | D:1      | 27snakeeyes612 the Naga Berserker began the quest for the
                  | Orb.
     0 | D:1      | Reached XP level 1. HP: 21/21 MP: 1/1
   174 | D:1      | Reached XP level 2. HP: 10/28 MP: 2/2
   560 | D:1      | Reached XP level 3. HP: 23/34 MP: 3/3
   796 | D:1      | Found a faded altar of an unknown god.
  1185 | D:2      | Reached ** piety under Trog
  1532 | D:2      | Reached XP level 4. HP: 39/44 MP: 4/4
  1689 | D:3      | Reached skill level 1 in Stealth
  1728 | D:2      | Reached skill level 4 in Polearms
  1860 | D:3      | Found Ydown's Armour Boutique.
  1976 | D:3      | Found a blossoming altar of Fedhas.
  1990 | D:3      | Reached XP level 5. HP: 34/50 MP: 5/5
  2698 | D:4      | Identified a scroll of acquirement
  2698 | D:4      | Acquired 1270 gold pieces
  2717 | D:3      | Bought the +6 lightning scales {swift rElec} for 804 gold
                  | pieces
  2717 | D:3      | Found the +6 lightning scales {swift rElec}
  3043 | D:4      | Noticed a necrophage
  3077 | D:4      | Killed a necrophage
  3078 | D:4      | Reached XP level 6. HP: 57/57 MP: 6/6
  3457 | D:4      | Found a shimmering blue altar of Sif Muna.
  3599 | D:4      | Reached skill level 5 in Polearms
  3689 | D:4      | Reached XP level 7. HP: 50/66 MP: 7/7
  3746 | D:4      | Splashed by a jelly's acid

Illustrated notes

Levels and vault maps discovered:
D:1:      doesnt_arrival_eight_statues, layout_rooms,
          ebering_ecumenical_altar_abandoned
D:2:      minmay_roachtagon, layout_loops_ring
D:3:      layout_loops_ring, fedhas_altar_2, serial_shops, shop,
          dk_noncrumbling_3, grunt_ministairs_13, minmay_misc_feat_roman
D:4:      minmay_octagon_keep, layout_gridville, nicolae_overflow_crystal_walls

Skill      XL: |  1  2  3  4  5  6 |
---------------+-------------------+-----
Stealth        | 1 2 |  2.1
Polearms       | 4 5 |  5.3
Armour         | 2 3 |  3.3
Dodging        | 2 |  2.7
Fighting       | 4 |  4.4

Action                   |  1- 3 |  4- 6 |  7- 9 || total
-------------------------+-------+-------+-------++-------
Melee: Spear             |   141 |   296 |    22 ||   459
Invok: Berserk           |     1 |     1 |     1 ||     3
  Use: Scroll            |       |     3 |       ||     3
Armor: Animal skin       |    13 |       |       ||    13
       Swamp dragon scal |    42 |   188 |     7 ||   237
Dodge: Dodged            |    72 |   128 |     5 ||   205

Table legend: (Time is in decaauts)
 A = Elapsed time spent in this place.
 B = Non-inter-level travel time spent in this place.
 C = Inter-level travel time spent in this place.
 D = Time resting spent in this place.
 E = Time spent auto-exploring this place.
 F = Levels seen in this place.
 G = Mean time per level.
                   A        B        C        D        E       F      G
               +--------+--------+--------+--------+--------+-----+--------+
         Total |   4425 |   4289 |    136 |    168 |   3281 |   4 | 1106.2 |
       Dungeon |   4425 |   4289 |    136 |    168 |   3281 |   4 | 1106.2 |
               +--------+--------+--------+--------+--------+-----+--------+

Top non-repeatable levels by time:
     D:3: 1180 daAuts
     D:1: 1109 daAuts
     D:4: 1080 daAuts
     D:2: 1055 daAuts
